 Dungeon Crawl Stone Soup version 0.30-a0-920-g7493c07aab (webtiles) character file.

Game seed: 6653003770948377574

344 funkygono the Chopper (level 6, 0/53 HPs)
             Began as a Minotaur Fighter on Mar 21, 2023.
             Slain by an iguana (4 damage)
             ... on level 5 of the Dungeon.
             The game lasted 00:04:40 (3786 turns).

funkygono the Chopper (Minotaur Fighter)            Turns: 3786, Time: 00:04:40

Health: 0/53       AC: 13    Str: 22    XL:     6   Next: 31%
Magic:  5/5        EV:  6    Int:  5    God:
Gold:   261        SH:  4    Dex: 10    Spells: 5/5 levels left

rFire   . . .      SeeInvis .    a - +0 war axe
rCold   . . .      Faith    .    c - +0 buckler
rNeg    . . .      Spirit   .    q - +0 plate armour
rPois   .          Reflect  .    (helmet restricted)
rElec   .          Rampage  .    (no cloak)
rCorr   .                        (no gloves)
Will    .....                    A - +0 pair of boots Stlth
                                 (no amulet)
HPRegen 0.28/turn                (no ring)
MPRegen 0.09/turn                (no ring)

@: no status effects
A: horns 2, retaliatory headbutt
a: no special abilities


You were on level 5 of the Dungeon.
You visited 1 branch of the dungeon, and saw 5 of its levels.

You collected 261 gold pieces.

Inventory:

Hand Weapons
 a - a +0 war axe (weapon)
Missiles
 p - 10 poisoned darts (quivered)
 w - 4 boomerangs
 y - 6 atropa-tipped darts
Armour
 c - a +0 buckler (worn)
 q - a +0 plate armour (worn)
 A - a +0 pair of boots (worn)
Jewellery
 x - a ring of ice
Wands
 u - a wand of charming (10)
Scrolls
 e - a scroll of vulnerability {unknown}
 f - a scroll of blinking {unknown}
 g - 4 scrolls of teleportation {unknown}
 k - 2 scrolls of noise {unknown}
 l - a scroll of enchant weapon {unknown}
 m - 6 scrolls of identify {unknown}
 r - a scroll of fog {unknown}
 s - 2 scrolls of enchant armour {unknown}
 t - a scroll of silence {unknown}
Potions
 b - 2 potions of flight {unknown}
 d - 2 potions of might
 h - 2 potions of curing {unknown}
 i - a potion of brilliance {unknown}
 j - a potion of attraction {unknown}
 n - 2 potions of lignification {unknown}
 o - a potion of ambrosia {unknown}
 v - 2 potions of degeneration {unknown}
 z - 2 potions of mutation {unknown}


   Skills:
 + Level 4.6 Fighting
 + Level 5.7 Axes
 + Level 5.1 Armour
 + Level 1.2 Dodging
 + Level 0.5 Stealth
 + Level 4.5 Shields


You had 5 spell levels left.
You didn't know any spells.
Your spell library contained the following spells:

 Spells                   Type           Power      Damage    Failure   Level
 Scorch                   Fire           0%         2d5       100%        2
 Call Canine Familiar     Summ           0%         N/A       100%        3
 Portal Projectile        Hex/Tloc       0%         N/A       100%        3
 Tukima's Dance           Hex            0%         N/A       100%        3
 Flame Wave               Conj/Fire      0%         2d4       100%        4
 Leda's Liquefaction      Hex/Erth       0%         N/A       100%        4
 Blade Hands              Tmut           0%         N/A       100%        5
 Summon Cactus Giant      Summ           0%         N/A       100%        6


Dungeon Overview and Level Annotations

Branches:
Dungeon (5/15)             Temple (0/1) D:5

Altars:
Dithmenos
Sif Muna
Vehumet
Zin

Annotations:
D:4 3 runed translucent doors, PaperRat's ghost, novice OgWn; jazmu's ghost, amateur DgHu


Innate Abilities, Weirdness & Mutations

You have a pair of horns on your head.
You reflexively headbutt those who attack you in melee.


Message History

Found a staircase to the Ecumenical Temple.
There is a fountain of clear blue water here.
Found a quarterstaff.
You now have 261 gold pieces (gained 5).
Found a shimmering blue altar of Sif Muna.
An adder comes into view.
The adder hisses angrily.
The adder bites you but does no damage.
You closely miss the adder. The adder bites you but does no damage.
You slash the adder! You headbutt the adder.
You kill the adder!
Found a stone staircase leading up.
Found a spear.
Found a short sword.
You see here a +0 spear.
Found a rapier.
Found a stone staircase leading up.
An iguana comes into view.
The iguana hisses angrily.
An iguana comes into view.
You barely miss the iguana. Your headbutt misses the iguana.
You block the iguana's attack. The iguana bites you!
You barely miss the iguana. You completely miss the iguana.
You block the iguana's attack. The iguana bites you!
You barely miss the iguana. x2; The iguana bites you.
The iguana bites you!
You closely miss the iguana. You hit the iguana but do no damage.
The iguana bites you but does no damage. x2
The iguana bites you. You block the iguana's attack.
You hit the iguana.
The iguana is lightly wounded.
You slash the iguana!
The iguana bites you but does no damage.
The iguana bites you.
* * * LOW HITPOINT WARNING * * *
You hit the iguana.
The iguana is moderately wounded.
You closely miss the iguana. The iguana bites you!
* * * LOW HITPOINT WARNING * * *
The iguana bites you.
You die...

...........#
............# ####
#...........#####
#...#
#.........<..#[..
..... ..............##
...... #...........###
......# ##...^.......#
......:##l..........##
.......l@.....#######
.$......##...##
....)...##..##
........##..########
...<....###.........
........# #.........
.......## #.........
.....?. ##..........
#...........####


You could see 2 iguanas.

Vanquished Creatures
  A scorpion (D:4)
  A howler monkey (D:4)
  2 orc priests (D:5)
  8 adders
  An ufetubus (D:4)
  A worm (D:2)
  A dart slug (D:1)
  8 orcs
  10 ball pythons
  8 endoplasms
  6 goblins
  15 hobgoblins
  7 jackals (D:2)
  8 kobolds
  3 quokkas
  8 bats
  4 frilled lizards
  8 rats
100 creatures vanquished.

Vanquished Creatures (others)
  4 withered plants (D:4)
4 creatures vanquished.

Grand Total: 104 creatures vanquished

Notes
Turn   | Place    | Note
-------+----------+-------------------------------------------
     0 | D:1      | funkygono the Minotaur Fighter began the quest for the Orb.
     0 | D:1      | Reached XP level 1. HP: 19/19 MP: 0/0
   110 | D:1      | Found a faded altar of an unknown god.
   163 | D:1      | Reached XP level 2. HP: 25/27 MP: 1/1
   660 | D:2      | Reached XP level 3. HP: 33/33 MP: 2/2
   747 | D:2      | Reached XP level 4. HP: 33/40 MP: 3/3
   793 | D:2      | Reached skill level 1 in Dodging
  1532 | D:3      | Found a glowing silver altar of Zin.
  1655 | D:3      | Found a radiant altar of Vehumet.
  1655 | D:3      | Found a shadowy altar of Dithmenos.
  1885 | D:3      | Reached XP level 5. HP: 23/47 MP: 4/4
  2769 | D:4      | Reached skill level 5 in Axes
  2769 | D:4      | Reached skill level 5 in Armour
  2793 | D:4      | Reached XP level 6. HP: 52/53 MP: 5/5
  3086 | D:4      | Found a runed translucent gate.
  3086 | D:4      | Found a runed translucent gate.
  3086 | D:4      | Found a runed translucent gate.
  3134 | D:4      | Noticed jazmu's ghost (amateur DgHu)
  3134 | D:4      | Noticed PaperRat's ghost (novice OgWn)
  3276 | D:5      | Entered Level 5 of the Dungeon
  3558 | D:5      | Found a staircase to the Ecumenical Temple.
  3651 | D:5      | Found a shimmering blue altar of Sif Muna.
  3786 | D:5      | Slain by an iguana

Illustrated notes

Levels and vault maps discovered:
D:1:      minmay_arrival_solitary_statue, layout_rooms,
          hellmonk_ecumenical_altar_pennies_from_heaven
D:2:      layout_basic, minmay_fractal_squares_gapless_5
D:3:      minmay_chambers_of_threes, layout_loops_ring, zin_treasury,
          nicolae_overflow_two_pavilions
D:4:      layout_gridville, gammafunk_ghost_cemetery
D:5:      layout_cave_pods, nicolae_sif_muna_condensation,
          minmay_temple_entry_drinking_statues, serial_shops, shop

Skill      XL: |  1  2  3  4  5 |
---------------+----------------+-----
Fighting       | 4 |  4.6
Shields        | 4 |  4.5
Axes           | 3 4 5 |  5.7
Armour         | 4 5 |  5.1
Dodging        | 1 |  1.2
Stealth        | |  0.5

Action                     |  1- 3 |  4- 6 || total
---------------------------+-------+-------++-------
  Melee: War axe           |    88 |   150 ||   238
         Headbutt          |     7 |    15 ||    22
 Armour: Scale mail        |    40 |     8 ||    48
         Plate armour      |       |    93 ||    93
  Dodge: Dodged            |    38 |    51 ||    89
  Block: Buckler           |    13 |    37 ||    50

Table legend: (Time is in decaauts)
 A = Elapsed time spent in this place.
 B = Non-inter-level travel time spent in this place.
 C = Inter-level travel time spent in this place.
 D = Time resting spent in this place.
 E = Time spent auto-exploring this place.
 F = Levels seen in this place.
 G = Mean time per level.
                   A        B        C        D        E       F      G
               +--------+--------+--------+--------+--------+-----+--------+
         Total |   3870 |   3794 |     76 |      2 |   3034 |   5 |  774.0 |
       Dungeon |   3870 |   3794 |     76 |      2 |   3034 |   5 |  774.0 |
               +--------+--------+--------+--------+--------+-----+--------+

Top non-repeatable levels by time:
     D:2: 961 daAuts
     D:4: 908 daAuts
     D:3: 882 daAuts
     D:1: 601 daAuts
     D:5: 516 daAuts
